 Dungeon Crawl Stone Soup version 0.23.0 (webtiles) character file.

Game seed: 16155914748900420674

101 tidbits the Charmwright (level 4, -1/38 HPs)
             Began as a Gnoll Skald on Feb 11, 2019.
             Slain by Grinder (9 damage)
             ... on level 4 of the Dungeon.
             The game lasted 00:05:22 (573 turns).

tidbits the Charmwright (Gnoll Skald)                Turns: 573, Time: 00:05:23

Health: -1/38      AC:  4    Str: 13    XL:     4   Next: 75%
Magic:  11/11      EV: 20    Int: 17    God:
Gold:   17         SH:  0    Dex: 19    Spells: 2/13 levels left

rFire    . . .     SeeInvis .   a - +1 spear
rCold    . . .     Gourm    .   (no shield)
rNeg     . . .     Faith    .   b - +0 leather armour
rPois    .         Spirit   .   E - +0 helmet
rElec    .         Reflect  .   (no cloak)
rCorr    .         Harm     .   (no gloves)
MR       .....                  (no boots)
Stlth    +++.......             (no amulet)
HPRegen  0.12/turn              (no ring)
MPRegen  0.12/turn              (no ring)

@: agile
A: distributed training, fangs 1, strong nose
a: no special abilities


You were on level 4 of the Dungeon.
You were not hungry.

You visited 1 branch of the dungeon, and saw 5 of its levels.

You collected 17 gold pieces.

Inventory:

Hand Weapons
 a - a +1 spear (weapon)
 c - a +0 dagger
Missiles
 j - 16 bolts
Armour
 b - a +0 leather armour (worn)
 E - a +0 helmet (worn)
Scrolls
 e - a scroll of enchant weapon
 g - a scroll of magic mapping {unknown}
 i - a scroll of teleportation {unknown}
Comestibles
 d - 2 rations


   Skills:
 + Level 4.7 Fighting
 + Level 1.2 Short Blades
 + Level 1.2 Long Blades
 + Level 1.2 Axes
 + Level 1.2 Maces & Flails
 + Level 4.7 Polearms
 + Level 1.2 Staves
 + Level 1.2 Slings
 + Level 1.2 Bows
 + Level 1.2 Crossbows
 + Level 1.2 Throwing
 + Level 2.8 Armour
 + Level 4.7 Dodging
 + Level 1.2 Stealth
 + Level 1.2 Shields
 + Level 1.2 Unarmed Combat
 + Level 5.1 Spellcasting
 + Level 1.0 Conjurations
 + Level 1.0 Hexes
 + Level 5.5 Charms
 + Level 1.0 Summonings
 + Level 1.0 Necromancy
 + Level 1.0 Translocations
 + Level 1.0 Transmutations
 + Level 1.0 Fire Magic
 + Level 1.0 Ice Magic
 + Level 1.0 Air Magic
 + Level 1.0 Earth Magic
 + Level 1.0 Poison Magic
 + Level 1.3 Invocations
 + Level 1.2 Evocations


You had 2 spell levels left.
You knew the following spells:

 Your Spells              Type           Power        Failure   Level  Hunger
g - Shroud of Golubria    Chrm/Tloc      ###.......   7%          2    #......
i - Infusion              Chrm           ###.         1%          1    None
r - Regeneration          Chrm/Necr      ###.......   14%         3    ###....
w - Spectral Weapon       Hex/Chrm       ###.....     14%         3    ###....
y - Song of Slaying       Chrm           ###.....     2%          2    #......

Your spell library contained the following spells:

 Spells                   Type           Power        Failure   Level  Hunger


Dungeon Overview and Level Annotations

Branches:
Dungeon (5/15)
 Temple: D:4-7

Altars:

Annotations:
D:4 Grinder


Innate Abilities, Weirdness & Mutations

Your experience applies equally to all skills.
You have very sharp teeth.
Your uncanny sense of smell can sniff out nearby items.


Message History

You kill the jackal!
A jackal comes into view.
The jackal moves out of view.
You see here a jackal corpse.
Unknown command.
Attack whom?
Press: ? - help, Dir - move target cursor, f - jackal
Aim: a jackal You reach to attack!
You hit the jackal.
The jackal is almost dead.
Your spectral weapon hits the jackal from afar.
You kill the jackal!
Unknown command.
You see here a jackal corpse.
Unknown command.
You see here a bubbling coppery potion.
Unknown command.
h - a bubbling coppery potion You swap places.
You see here a jackal corpse.
There is a stone staircase leading down, spattered with blood here.
You see here a jackal corpse.
Your spectral weapon fades away.
You climb downwards.
A quokka, 2 jackals and a jelly come into view.
The jelly quivers.
The jackal barks! x2
Found a scroll labeled XESTREA BE TUXI.
Found a stone staircase leading down and a stone staircase leading up.
There is a stone staircase leading up here.
Unknown command.
Unknown command.
Unknown command.
You climb upwards.
There is a stone staircase leading down, spattered with blood here.
You see here a jackal corpse.
Unknown command.
You see here a jackal corpse.
Unknown command.
Unknown command.
An ogre comes into view. It is wielding a +0 giant club.
Found a scroll labeled PIGUGH ILIEBYN.
Unknown command.
Found a ration.
Unknown command.
You see here a scroll labeled PIGUGH ILIEBYN.
e - 2 scrolls labeled PIGUGH ILIEBYN (gained 1)
You see here a ration.
You eat the ration.
That ration really hit the spot!
A quokka and Grinder come into view.
Grinder shouts!
Found 8 gold pieces.
Casting: Spectral Weapon (safe; 14% risk of failure)
Confirm with . or Enter, or press ? or * to list all spells.
You draw out your weapon's spirit!
Okay, then.
You closely miss the quokka. The quokka closely misses you.
Your spectral weapon hits the quokka but does no damage.
You hit the quokka.
The quokka is moderately wounded.
Your spectral weapon hits the quokka from afar.
The quokka misses you.
You miss the quokka. You bite the quokka.
You kill the quokka!
You hit Grinder.
Grinder is lightly wounded.
Your spectral weapon hits Grinder from afar!
Grinder blinks!
Grinder hits your spectral weapon!
Your spectral weapon shares its damage with you!
You hit Grinder.
Grinder is moderately wounded.
Your spectral weapon barely misses Grinder.
You closely miss Grinder. You bite Grinder, but do no damage.
Grinder is moderately wounded.
Your spectral weapon closely misses Grinder.
Grinder closely misses you.
Casting: Spectral Weapon (safe; 14% risk of failure)
Confirm with . or Enter, or press ? or * to list all spells.
Space distorts slightly along a thin shroud covering your body.
Grinder hits you.
Your shroud falls apart!
Unknown command.
Unknown command.
You hit Grinder but do no damage.
Grinder is moderately wounded.
Your spectral weapon hits Grinder.
Grinder hits you.
You writhe in agony.
It was a potion of agility.
You feel agile all of a sudden. Grinder gestures at you.
Pain shoots through your body!
* * * LOW HITPOINT WARNING * * *
It was a potion of magic.
Magic courses through your body. Grinder barely misses you.
Okay, then.
Unknown command.
As you read the scroll labeled PIGUGH ILIEBYN, it crumbles to dust.
It is a scroll of enchant weapon.
Your +0 spear glows red for a moment.
Grinder hits you!
You die...

#....
#......
#..#.
###.###
#... #.#
.####..
########.#
.......####
#........#
#.....#
#.########
#####.# #.#
#.# #.# #@#
#.#
#5#####.#
#(......#
#########


You could see Grinder and a friendly spectral +0 spear.

Vanquished Creatures
  An orc wizard (D:3)
  A worker ant (D:4)
  6 dart slugs
  2 leopard geckos
  4 orcs (D:3)
  A giant cockroach (D:2)
  4 goblins
  7 jackals
  A quokka (D:4)
  A bat (D:2)
  4 kobolds (D:1)
  A rat (D:3)
33 creatures vanquished.

Notes
Turn   | Place    | Note
-------+----------+-------------------------------------------
     0 | D:1      | tidbits the Gnoll Skald began the quest for the Orb.
     0 | D:1      | Reached XP level 1. HP: 20/20 MP: 6/6
   119 | D:1      | Reached XP level 2. HP: 26/26 MP: 1/7
   130 | D:1      | Learned a level 2 spell: Song of Slaying
   133 | D:1      | Learned a level 2 spell: Shroud of Golubria
   251 | D:2      | Reached XP level 3. HP: 27/31 MP: 9/9
   256 | D:2      | Learned a level 3 spell: Regeneration
   260 | D:2      | Learned a level 3 spell: Spectral Weapon
   294 | D:2      | Reached skill level 5 in Spellcasting
   405 | D:3      | Reached skill level 1 in Invocations
   420 | D:3      | Reached skill level 1 in Short Blades
   420 | D:3      | Reached skill level 1 in Long Blades
   420 | D:3      | Reached skill level 1 in Axes
   420 | D:3      | Reached skill level 1 in Maces & Flails
   420 | D:3      | Reached skill level 1 in Staves
   420 | D:3      | Reached skill level 1 in Slings
   420 | D:3      | Reached skill level 1 in Bows
   420 | D:3      | Reached skill level 1 in Crossbows
   420 | D:3      | Reached skill level 1 in Throwing
   420 | D:3      | Reached skill level 1 in Stealth
   420 | D:3      | Reached skill level 1 in Shields
   420 | D:3      | Reached skill level 1 in Unarmed Combat
   420 | D:3      | Reached skill level 1 in Evocations
   420 | D:3      | Reached XP level 4. HP: 28/38 MP: 2/11
   477 | D:4      | Reached skill level 1 in Conjurations
   477 | D:4      | Reached skill level 1 in Hexes
   477 | D:4      | Reached skill level 1 in Summonings
   477 | D:4      | Reached skill level 1 in Necromancy
   477 | D:4      | Reached skill level 1 in Translocations
   477 | D:4      | Reached skill level 1 in Transmutations
   477 | D:4      | Reached skill level 1 in Fire Magic
   477 | D:4      | Reached skill level 1 in Ice Magic
   477 | D:4      | Reached skill level 1 in Air Magic
   477 | D:4      | Reached skill level 1 in Earth Magic
   477 | D:4      | Reached skill level 1 in Poison Magic
   498 | D:5      | Entered Level 5 of the Dungeon
   513 | D:4      | Noticed an ogre
   557 | D:4      | Noticed Grinder
   573 | D:4      | Slain by Grinder

Skill      XL: |  1  2  3  4 |
---------------+-------------+-----
Spellcasting   | 5 |  5.1
Invocations    | 1 |  1.3
Short Blades   | 1 |  1.2
Long Blades    | 1 |  1.2
Axes           | 1 |  1.2
Maces & Flails | 1 |  1.2
Staves         | 1 |  1.2
Slings         | 1 |  1.2
Bows           | 1 |  1.2
Crossbows      | 1 |  1.2
Throwing       | 1 |  1.2
Stealth        | 1 |  1.2
Shields        | 1 |  1.2
Unarmed Combat | 1 |  1.2
Evocations     | 1 |  1.2
Conjurations   | 1 |  1.0
Hexes          | 1 |  1.0
Summonings     | 1 |  1.0
Necromancy     | 1 |  1.0
Translocations | 1 |  1.0
Transmutations | 1 |  1.0
Fire Magic     | 1 |  1.0
Ice Magic      | 1 |  1.0
Air Magic      | 1 |  1.0
Earth Magic    | 1 |  1.0
Poison Magic   | 1 |  1.0
Fighting       | |  4.7
Polearms       | |  4.7
Armour         | |  2.8
Dodging        | |  4.7
Charms         | |  5.5

Action                   |  1- 3 |  4- 6 || total
-------------------------+-------+-------++-------
Melee: Spear             |    86 |    23 ||   109
       Bite              |     5 |     4 ||     9
 Cast: Infusion          |     2 |       ||     2
       Shroud of Golubri |     2 |     1 ||     3
       Song of Slaying   |     2 |       ||     2
       Spectral Weapon   |     4 |     2 ||     6
  Use: Potion            |     2 |     2 ||     4
       Scroll            |       |     1 ||     1
 Stab: Distracted        |     1 |       ||     1
       Sleeping          |       |     1 ||     1
  Eat: Ration            |       |     1 ||     1
Armor: Leather armour    |    13 |     1 ||    14
Dodge: Dodged            |    59 |     9 ||    68

Table legend:
 A = Turns spent in this place as a percentage of turns spent in the entire game.
 B = Non-inter-level travel turns spent in this place as a percentage of non-inter-level travel turns spent in the entire game.
 C = Inter-level travel turns spent in this place as a percentage of turns spent in this place.
 D = Turns resting spent in this place as a percentage of non-inter-level travel turns spent in this place.
 E = Turns spent auto-exploring this place as a percentage of non-inter-level travel turns spent in this place.
 F = Non-inter-level travel turns spent in this place divided by the number of levels of this place that you've seen.
                   A       B       C       D       E      F
               +-------+-------+-------+-------+-------+----------------------
         Total | 100.0 | 100.0 |   0.0 |   0.0 |   0.0 | 114.6
       Dungeon | 100.0 | 100.0 |   0.0 |   0.0 |   0.0 | 114.6
               +-------+-------+-------+-------+-------+----------------------

Table legend:
 A = Kills in this place as a percentage of kills in entire the game.
 B = Kills by you in this place as a percentage of kills by you in the entire game.
 C = Kills by friends in this place as a percentage of kills by friends in the entire game.
 D = Other kills in this place as a percentage of other kills in the entire game.
 E = Experience gained in this place as a percentage of experience gained in the entire game.
 F = Experience gained in this place divided by the number of levels of this place that you have seen.
                   A       B       C       D       E      F
               +-------+-------+-------+-------+-------+----------------------
         Total | 100.0 | 100.0 |   N/A |   N/A | 100.0 |  29.0
       Dungeon | 100.0 | 100.0 |   N/A |   N/A | 100.0 |  29.0
               +-------+-------+-------+-------+-------+----------------------

Levels and vault maps discovered:
D:1:      lemuel_arrival_muddy, layout_rooms, serial_forest,
          infiniplex_forest_zigzag_1, infiniplex_forest_clump_cross,
          infiniplex_forest_straight_2, infiniplex_forest_end_3,
          infiniplex_forest_lined_2, serial_park_tiny_pond
D:2:      layout_loops_ring
D:3:      layout_basic, st_stairs_13, minmay_quantized, uniq_jessica
D:4:      layout_loops_cross, gammafunk_ghost_necromancy, first_ration,
          uniq_grinder
D:5:      layout_cave_pools, lemuel_doored_altar, minmay_temple_entry_hall,
          serial_park, serial_park_tiny_2, grunt_tough_drop
